 Dungeon Crawl Stone Soup version 0.30-b1-5-g8e6c1be481 (webtiles) character file.

Game seed: 4483185698990677787

4008 Gabide the Trooper (level 10, -6/79 HPs)
             Began as a Mummy Monk on May 4, 2023.
             Was a Priest of Nemelex Xobeh.
             Engulfed by a steam dragon's steam (7 damage)
             ... on level 8 of the Dungeon.
             The game lasted 00:10:05 (7317 turns).

Gabide the Trooper (Mummy Monk)                     Turns: 7317, Time: 00:10:09

Health: -6/79      AC: 11    Str: 15    XL:     10   Next: 3%
Magic:  0/15       EV: 16    Int: 10    God:    Nemelex Xobeh [***...]
Gold:   382        SH:  0    Dex: 24    Spells: 9/9 levels left

rFire   x . .        i - +1 long sword
rCold   + . .        c - orb {light}
rNeg    + + +        p - +2 leather armour {Will+}
rPois   ∞            a - +0 helmet
rElec   .            (no cloak)
rCorr   .            n - +0 pair of gloves
SInv    .            (no boots)
Will    ++...        k - amulet of guardian spirit
Stlth   +            d - +4 ring of protection
HPRegen 0.33/turn    l - +6 ring of dexterity
MPRegen 0.14/turn

%: guardian spirit, faith
@: glowing
A: cold resistance 1, negative energy resistance 3, torment resistance 2, heat
vulnerability 1, in touch with death 1, no potions, faith
a: Renounce Religion, Draw Escape, Draw Destruction, Draw Summoning, Triple Draw


You were on level 8 of the Dungeon.
You worshipped Nemelex Xobeh.
Nemelex Xobeh was most pleased with you.
You visited 2 branches of the dungeon, and saw 9 of its levels.

You collected 382 gold pieces.

Inventory:

Hand Weapons
 i - a +1 long sword (weapon)
Armour
 a - a +0 helmet (worn)
 c - an orb of light (worn)
 n - a +0 pair of gloves (worn)
 p - a +2 leather armour of willpower (worn)
Jewellery
 d - a +4 ring of protection (left hand)
 k - an amulet of guardian spirit (around neck)
 l - a +6 ring of dexterity (right hand)
Wands
 o - a wand of roots (7)
 t - a wand of charming (6)
Scrolls
 b - a scroll of butterflies
 e - a scroll of teleportation
 f - 2 scrolls of poison
 g - 2 scrolls of fear
 h - 3 scrolls of identify
 j - 4 scrolls of fog
 m - 2 scrolls of magic mapping
 q - 2 scrolls of immolation {unknown}
 r - a scroll of vulnerability {unknown}
 s - a scroll of torment {unknown}
 u - a scroll of blinking {unknown}


   Skills:
 + Level 7.5 Fighting
 + Level 6.3 Long Blades
 + Level 6.3 Dodging
 * Level 7.4 Invocations


You had 9 spell levels left.
You didn't know any spells.
Your spell library was empty.

Dungeon Overview and Level Annotations

Branches:
Dungeon (8/15)             Temple (1/1) D:4
   Lair: D:8-11

Altars:
Ashenzari
Cheibriados
Dithmenos
Fedhas
Gozag
Hepliaklqana
Kikubaaqudgha
Makhleb
Nemelex Xobeh
Okawaru
Qazlal
Ru
Sif Muna
Trog
Uskayaw
Vehumet
Wu Jian
Xom
Yredelemnul

Shops:
D:1 ?


Innate Abilities, Weirdness & Mutations

You are immune to poison.
Your flesh is cold resistant. (rC+)
You are immune to negative energy. (rN+++)
You are immune to unholy pain and torment.
You are vulnerable to heat. (rF-)
You are in touch with the powers of death.
You do not drink.
You have a special connection with the divine. (Faith)


Message History

You hit the steam dragon but do no damage.
The steam dragon is severely wounded.
The bullfrog is engulfed in a cloud of scalding steam.
The bullfrog hits you but does no damage.
The black bear is engulfed in a cloud of scalding steam.
The black bear bites you. The black bear closely misses you.
The black bear claws you. The steam dragon breathes steam at you.
The ball of steam hits you! The steam scalds you terribly!
* * * LOW HITPOINT WARNING * * *
The bullfrog is engulfed in a cloud of scalding steam.
The bullfrog hits you but does no damage.
As you read the scroll of fear, it crumbles to dust.
You assume a fearsome visage.
The black bear is unaffected.
The steam dragon looks frightened!
The bullfrog looks frightened!
You are engulfed in a cloud of scalding steam.
* * * LOW HITPOINT WARNING * * *
The black bear misses you. The black bear barely misses you.
The black bear claws you.
* * * LOW HITPOINT WARNING * * *
The black bear bites you.
* * * LOW HITPOINT WARNING * * *
The black bear claws you but does no damage.
The black bear claws you.
* * * LOW HITPOINT WARNING * * *
You draw a card...
You have drawn the Orb.
Press: ? - help, Shift-Dir - straight line, f - black bear, p - steam dragon
Aim: a black bear (almost dead, berserk, haloed)
The wavering orb of destruction weakly hits the black bear!!
You blow up the black bear!
You are engulfed in a cloud of scalding steam.
You draw a card...
You have drawn Wild Magic.
The steam dragon rots away.
The steam dragon is drained!
The bullfrog is briefly tinged with green.
The bullfrog is poisoned.
You feel a surge of magic.
You feel your power returning.
You are engulfed in a cloud of scalding steam.
You die...
Your body disappears without additional glow.

##_.#_###<....#
........#_...._##.....#
.......###..####.....# .
......#_...._##.†...# ..
#F....###..####.....#
...##.....#_...._##.....#
..........###..####.....#
..........#_...._##.....#
........@.###..####.....#
..........#_...._##.....#
...##.....##8..8###.....#
. #D.....##.[...#.....#
#.............#....>#
+.............#.[...#
#....P.......##[[...#
#.P.....P.P...#.....#
#....P........#.....#


You could see a steam dragon (fleeing, catching breath, drained) and a bullfrog
(fleeing, poisoned).

Vanquished Creatures
  An ugly thing (D:7)
  A komodo dragon (D:8)
  Prince Ribbit (D:8)
  4 yaks (D:8)
  A water moccasin (D:7)
  4 ice beasts
  3 black bears
  2 orc warriors
  A sky beast (D:7)
  3 centaurs (D:5)
  A kobold brigand (D:6)
  4 bullfrogs
  A scorpion (D:8)
  A hound (D:6)
  3 orc priests
  3 jellies
  2 gnoll boudas
  A sleepcap (D:5)
  4 iguanas
  Natasha (thrice) (D:2)
  7 orc wizards
  13 gnolls
  11 adders
  A shadow imp (D:7)
  A white imp (D:6)
  2 ufetubi (D:6)
  5 worms
  A dart slug (D:2)
  30 orcs
  10 endoplasms
  6 giant cockroaches
  7 hobgoblins
  13 jackals
  10 kobolds
  5 quokkas
  10 ball pythons
  8 bats
  4 frilled lizards
  4 goblins
  9 rats
201 creatures vanquished.

Vanquished Creatures (others)
  15 fungi (D:8)
  12 plants (D:8)
27 creatures vanquished.

Grand Total: 228 creatures vanquished

Notes
Turn   | Place    | Note
-------+----------+-------------------------------------------
     0 | D:1      | Gabide the Mummy Monk began the quest for the Orb.
     0 | D:1      | Reached XP level 1. HP: 18/18 MP: 1/1
   114 | D:1      | Found Imaydir's Magic Scroll Emporium.
   208 | D:1      | Reached XP level 2. HP: 23/24 MP: 2/2
   827 | D:2      | Found a stormy altar of Qazlal.
   856 | D:2      | Gained mutation: You are in touch with the powers of death.
                  | [Mummy growth]
   856 | D:2      | Reached XP level 3. HP: 24/29 MP: 3/3
   996 | D:2      | Reached XP level 4. HP: 37/37 MP: 4/4
  1315 | D:2      | Noticed Natasha
  1324 | D:2      | Killed Natasha
  1465 | D:2      | Noticed Natasha
  1476 | D:2      | Killed Natasha
  1477 | D:2      | Reached XP level 5. HP: 30/42 MP: 3/5
  1853 | D:2      | Noticed Natasha
  1862 | D:2      | Killed Natasha
  2110 | D:3      | Found Ladibula's General Store.
  2243 | D:3      | Found a broken altar of Ashenzari.
  2880 | D:4      | Found a shimmering altar of Xom.
  2887 | D:4      | Reached XP level 6. HP: 47/49 MP: 6/6
  3003 | D:4      | Found a staircase to the Ecumenical Temple.
  3085 | Temple   | Entered the Ecumenical Temple
  3105 | Temple   | Became a worshipper of Nemelex Xobeh the Trickster
  3105 | Temple   | Reached * piety under Nemelex Xobeh
  3105 | Temple   | Received a gift from Nemelex Xobeh
  3105 | Temple   | Reached ** piety under Nemelex Xobeh
  3484 | D:4      | Reached skill level 5 in Fighting
  3484 | D:4      | Reached skill level 1 in Invocations
  3754 | D:5      | Entered Level 5 of the Dungeon
  3803 | D:5      | Reached XP level 7. HP: 31/56 MP: 1/8
  4099 | D:5      | Found a shimmering blue altar of Sif Muna.
  4279 | D:5      | Noticed Pikel
  4280 | D:5      | Pikel changed into Pikel the ice beast
  4280 | D:5      | Noticed Pikel
  4290 | D:5      | Killed Pikel the ice beast
  4442 | D:5      | Noticed Eustachio
  4450 | D:5      | Eustachio changed into Eustachio the centaur
  4450 | D:5      | Noticed Eustachio
  4452 | D:5      | Killed Eustachio the centaur
  4722 | D:6      | Reached XP level 8. HP: 63/63 MP: 10/10
  5394 | D:6      | Reached skill level 5 in Long Blades
  5394 | D:6      | Reached skill level 5 in Dodging
  5669 | D:7      | Reached *** piety under Nemelex Xobeh
  5688 | D:7      | Noticed a green ugly thing
  5706 | D:7      | Killed a green ugly thing
  5707 | D:7      | Reached skill level 5 in Invocations
  6045 | D:7      | Reached XP level 9. HP: 56/71 MP: 10/13
  6414 | D:7      | Identified the +1 whip of Breach {heavy, rF+ Int+5 Dex-5}
  6492 | D:7      | Received a gift from Nemelex Xobeh
  6880 | D:8      | Noticed Prince Ribbit
  6920 | D:8      | Killed Prince Ribbit
  6974 | D:8      | Noticed a komodo dragon
  7107 | D:8      | Killed a komodo dragon
  7163 | D:8      | Reached XP level 10. HP: 49/79 MP: 11/15
  7266 | D:8      | Found a radiant altar of Vehumet.
  7269 | D:8      | Found an opulent altar of Gozag.
  7277 | D:8      | Found a hazy altar of Hepliaklqana.
  7278 | D:8      | Found a bloodstained altar of Trog.
  7279 | D:8      | Found a shadowy altar of Dithmenos.
  7279 | D:8      | Found a stormy altar of Qazlal.
  7281 | D:8      | Found a sacrificial altar of Ru.
  7281 | D:8      | Found an ancient bone altar of Kikubaaqudgha.
  7282 | D:8      | Found a burning altar of Makhleb.
  7283 | D:8      | Found a snail-covered altar of Cheibriados.
  7284 | D:8      | Found an ornate altar of the Wu Jian Council.
  7285 | D:8      | Found a blossoming altar of Fedhas.
  7315 | D:8      | HP: 1/79 [black bear (4)]
  7317 | D:8      | Engulfed by a steam dragon's steam

Illustrated notes

Levels and vault maps discovered:
D:1:      evilmike_arrival_rings, layout_loops_ring, serial_shops,
          nicolae_diamond_shop
D:2:      layout_loops_cross, basic_altar, minmay_indecisive_spiral,
          uniq_natasha
D:3:      layout_basic, mainiacjoe_overflow_six_doors_small, serial_shops, shop
D:4:      layout_gridville, mainiacjoe_overflow_small_starburst,
          minmay_temple_entry_butterflies
D:5:      layout_loops_cross, mainiacjoe_overflow_big_doors,
          kennysheep_generic_room_4, uniq_pikel, uniq_eustachio
D:6:      layout_basic
D:7:      layout_gridville
D:8:      layout_gridville, minitemple, grunt_lair_entry_orc_guard_hut,
          uniq_prince_ribbit1
Temple:   hellmonk_temple_two_chambers

Skill      XL: |  1  2  3  4  5  6  7  8  9 |
---------------+----------------------------+-----
Long Blades    | 3 4 5 6 |  6.3
Dodging        | 3 4 5 6 |  6.3
Fighting       | 4 5 6 7 |  7.5
Invocations    | 1 3 5 7 |  7.4

Action                     |  1- 3 |  4- 6 |  7- 9 | 10-12 || total
---------------------------+-------+-------+-------+-------++-------
  Melee: Falchion          |    66 |       |       |       ||    66
         Long sword        |    19 |   215 |   332 |    14 ||   580
 Invoke: Draw Destruction  |       |     1 |     7 |     3 ||    11
         Draw Escape       |       |       |     2 |       ||     2
    Use: Scroll            |     2 |     4 |     4 |     1 ||    11
 Armour: Robe              |     3 |       |       |       ||     3
         Ring mail         |    26 |    88 |    19 |       ||   133
         Leather armour    |       |       |   122 |    17 ||   139
  Dodge: Dodged            |    55 |   141 |   366 |    42 ||   604
